 Dungeon Crawl Stone Soup version 0.31-a0-640-g39d97e502b (webtiles) character file.

Game seed: 16866938066315469374

65 Revguard the Changeling (level 3, -9/29 HPs)
             Began as a Draconian Shapeshifter on Aug 28, 2023.
             Killed by divine providence
             ... invoked by an orc priest
              (15 damage)
             ... on level 3 of the Dungeon.
             The game lasted 00:06:25 (1379 turns).

Revguard the Changeling (Draconian Shapeshifter)    Turns: 1379, Time: 00:06:27

Health: -9/29      AC:  5    Str: 16    XL:     3   Next: 92%
Magic:  3/3        EV: 12    Int: 10    God:
Gold:   174        SH:  0    Dex: 12    Spells: 2/2 levels left

rFire   . .          .
                       - Unarmed
rCold   . . .        (no shield)
rNeg    . . .        (body armour unavailable)
rPois   .            (helmet currently unavailable)
rElec   .            (cloak currently unavailable)
rCorr   .            (gloves currently unavailable)
SInv    .            (boots currently unavailable)
Will    +....        (no amulet)
Stlth   +            d - ring of willpower
HPRegen 0.24/turn    (no ring)
MPRegen 0.08/turn

%: no passive effects
@: beast-form
A: beast (slay +2), AC +5, unfitting armour, cold-blooded
a: Begin Untransformation


You were on level 3 of the Dungeon.
You were a hulking beast.
You visited 1 branch of the dungeon, and saw 3 of its levels.

You collected 174 gold pieces.

Inventory:

Armour
 j - a +0 cloak
Jewellery
 d - a ring of willpower (left hand)
Talismans
 b - a beast talisman (active)
 c - a flux talisman
 g - a blade talisman
Potions
 a - 2 potions of lignification
 f - a potion of curing {unknown}
 i - a potion of brilliance {unknown}
 k - a potion of degeneration {unknown}


   Skills:
 + Level 1.7 Fighting
 + Level 2.2 Dodging
 + Level 3.3 Unarmed Combat
 + Level 1.0 Invocations
 + Level 0.9 Evocations
 * Level 3.5 Shapeshifting


You had 2 spell levels left.
You didn't know any spells.
Your spell library was empty.

Dungeon Overview and Level Annotations

Branches:
Dungeon (3/15)

Altars:
Ashenzari


Innate Abilities, Weirdness & Mutations

You are a hulking beast.
Your limbs bulge with bestial killing power. (Slay +2)
Your plain brown scales are hard. (AC +5)
You cannot fit into any form of body armour.
You are cold-blooded and may be slowed by cold attacks.


Message History

The orc barely misses you.
You punch the orc!
You kill the orc!
The orc priest looks satisfied for a moment.
You closely miss the orc priest. The orc hits you with a +0 dagger.
The orc priest invokes the aid of Beogh against you.
You resist with significant effort. The orc barely misses you.
You closely miss the orc priest.
You tail-slap the orc priest, but do no damage.
The orc closely misses you. The orc priest completely misses you.
The orc misses you.
You hit the orc priest.
The orc priest is lightly wounded.
The orc hits you but does no damage. The orc priest barely misses you.
The orc hits you with a +0 whip.
You completely miss the orc priest.
The orc priest is lightly wounded.
You hit the orc priest.
The orc priest is moderately wounded.
The orc hits you but does no damage. The orc hits you with a +0 whip.
The orc priest invokes the aid of Beogh against you.
You resist with significant effort.
You hit the orc priest.
The orc priest is moderately wounded.
The orc hits you with a +0 dagger. The orc completely misses you.
The orc priest hits you but does no damage.
You hit the orc priest but do no damage.
You tail-slap the orc priest.
The orc priest is heavily wounded.
The orc hits you with a +0 dagger.
* * * LOW HITPOINT WARNING * * *
The orc priest closely misses you. The orc barely misses you.
You hit the orc priest. Your punch misses the orc priest.
The orc priest is almost dead.
The orc hits you but does no damage. The orc hits you with a +0 whip.
* * * LOW HITPOINT WARNING * * *
The orc priest mumbles some strange prayers to Beogh against you.
Beogh smites you!
Ouch! That really hurt!
You die...

..# >.. #.#####...
#......... .........#
...#####.# ##..####.# .
###.##...##### ..<
###..........######.....
..).............ho......
########........oo......
#........#####.....
#........# ....
#........# ...
#........... #.
#............
#........###..
........... .


You could see an orc priest and 2 orcs.

Vanquished Creatures
  A worm (D:2)
  A dart slug (D:2)
  4 orcs (D:3)
  6 ball pythons
  5 endoplasms
  3 giant cockroaches
  6 goblins
  3 hobgoblins
  2 quokkas (D:1)
  7 bats
  2 frilled lizards
  6 kobolds
  4 rats
50 creatures vanquished.

Notes
Turn   | Place    | Note
-------+----------+-------------------------------------------
     0 | D:1      | Revguard the Draconian Shapeshifter began the quest for the
                  | Orb.
     0 | D:1      | Reached XP level 1. HP: 16/16 MP: 1/1
   115 | D:1      | Reached XP level 2. HP: 22/23 MP: 2/2
   174 | D:1      | Found a faded altar of an unknown god.
   401 | D:1      | Reached XP level 3. HP: 28/28 MP: 3/3
   555 | D:2      | Found a broken altar of Ashenzari.
  1291 | D:3      | Reached skill level 1 in Invocations
  1379 | D:3      | Killed from afar by an orc priest

Illustrated notes

Levels and vault maps discovered:
D:1:      minmay_arrival_arboretum_large, layout_rooms,
          hellmonk_ecumenical_altar_prayer_group
D:2:      layout_basic, basic_altar, grunt_decor_fettered
D:3:      layout_rooms, okawaru_gym_becter, portal_sewer_entry_e,
          minmay_misc_feat_x, uniq_ijyb, uniq_jessica

Skill      XL: |  1  2  3 |
---------------+----------+-----
Dodging        | 2 |  2.2
Invocations    | 1 |  1.0
Fighting       | |  1.7
Unarmed Combat | |  3.3
Evocations     | |  0.9
Shapeshifting  | |  3.5

Action                     || total
---------------------------++-------
  Melee: Unarmed           ||   142
         Tailslap          ||    11
         Punch             ||     1
    Use: Scroll            ||     2
   Stab: Sleeping          ||     1
 Armour: Skin              ||    73
  Dodge: Dodged            ||   125
   Form: Blade             ||     1
         Beast             ||     1

Table legend: (Time is in decaauts)
 A = Elapsed time spent in this place.
 B = Non-inter-level travel time spent in this place.
 C = Inter-level travel time spent in this place.
 D = Time resting spent in this place.
 E = Time spent auto-exploring this place.
 F = Levels seen in this place.
 G = Mean time per level.
                   A        B        C        D        E       F      G
               +--------+--------+--------+--------+--------+-----+--------+
         Total |   1371 |   1315 |     56 |      0 |    924 |   3 |  457.0 |
       Dungeon |   1371 |   1315 |     56 |      0 |    924 |   3 |  457.0 |
               +--------+--------+--------+--------+--------+-----+--------+

Top non-repeatable levels by time:
     D:2: 710 daAuts
     D:1: 551 daAuts
     D:3: 109 daAuts
